TOP OF THE 1ST |
---|
Plumstead Eagles batting - Pitching for Evanston Elitists : RHP Luis Castillo | Pitching: RHP Luis Castillo | | Batting: LHB Ramón Morán | 0-0: Called Strike 0-1: Ball 1-1: Swinging Strike 1-2: Ball 2-2: Strikes out swinging | Batting: SHB Travis Martin | 0-0: Ball 1-0: Ball 2-0: Foul Ball, location: 2F 2-1: Foul Ball, location: 2F 2-2: Ball 3-2: Base on Balls | Batting: LHB Víctor Peña | 0-0: Ball 1-0: Ball 2-0: Swinging Strike 2-1: Swinging Strike 2-2: Foul Ball, location: 2F 2-2: Ground out 5-3 (Groundball, 56S) Travis Martin to second | Batting: RHB Edmund Swanson | 0-0: Swinging Strike 0-1: Ball 1-1: Foul Ball, location: 2F 1-2: Ball Wild Pitch! Travis Martin to third 2-2: Strikes out swinging | Top of the 1st over - 0 runs, 0 hits, 0 errors, 1 left on base; Plumstead 0 - Evanston 0 | BOTTOM OF THE 1ST |
---|
Evanston Elitists batting - Pitching for Plumstead Eagles : LHP John Oliver | Pitching: LHP John Oliver | | Batting: LHB George Flanagan | 0-0: Swinging Strike 0-1: Ground out U3 (Groundball, 34S) | Batting: SHB Esteban Aliaga | 0-0: Ball 1-0: Fly out, F8 (Flyball, 8LD) | Batting: LHB Arthur Guzmán | 0-0: Ball 1-0: Called Strike 1-1: Called Strike 1-2: SINGLE (Line Drive, 7S) | Batting: RHB Troy Johnson | 0-0: Ball 1-0: Foul Ball, location: 2F 1-1: Ball 2-1: SINGLE (Groundball, 6D) Arthur Guzmán to second | Batting: RHB Jorge Calderón | 0-0: Ball 1-0: Called Strike 1-1: Ball 2-1: Fly out, F9 (Flyball, 9S) | Bottom of the 1st over - 0 runs, 2 hits, 0 errors, 2 left on base; Plumstead 0 - Evanston 0 | TOP OF THE 2ND |
---|
Plumstead Eagles batting - Pitching for Evanston Elitists : RHP Luis Castillo | Batting: LHB Dennis McConnell | 0-0: Called Strike 0-1: SINGLE (Groundball, 4D) | Batting: RHB Carlos Palomón | 0-0: Called Strike 0-1: SINGLE (Groundball, 4MD) Dennis McConnell to second | Batting: LHB Mauro López | 0-0: Called Strike 0-1: Fielders Choice at 2nd, 1-6 (Groundball, P) Dennis McConnell to third | Batting: SHB Joaquín Gilera | 0-0: Called Strike 0-1: Called Strike 0-2: Ball 1-2: Ball 2-2: Strikes out swinging | Batting: RHB Wayne Workman | 0-0: Swinging Strike 0-1: Ball 1-1: Ball 2-1: Ball 3-1: Called Strike 3-2: Strikes out swinging | Top of the 2nd over - 0 runs, 2 hits, 0 errors, 2 left on base; Plumstead 0 - Evanston 0 | BOTTOM OF THE 2ND |
---|
Evanston Elitists batting - Pitching for Plumstead Eagles : LHP John Oliver | Batting: RHB Jerry Browning | 0-0: Called Strike 0-1: Ball 1-1: Called Strike 1-2: Strikes out swinging | Batting: SHB Jacob Wilcox | 0-0: Ball 1-0: Foul Ball, location: 2F 1-1: Called Strike 1-2: Strikes out swinging | Batting: RHB Michael Scott | 0-0: Ball 1-0: Foul Ball, location: 2F 1-1: Ball 2-1: Foul Ball, location: 2F 2-2: Strikes out swinging | Bottom of the 2nd over - 0 runs, 0 hits, 0 errors, 0 left on base; Plumstead 0 - Evanston 0 | TOP OF THE 3RD |
---|
Plumstead Eagles batting - Pitching for Evanston Elitists : RHP Luis Castillo | Batting: LHB Ramón Morán | 0-0: Ball 1-0: Ball 2-0: Called Strike 2-1: Ground out U3 (Groundball, 34) | Batting: SHB Travis Martin | 0-0: Called Strike 0-1: Ball 1-1: Called Strike 1-2: Foul Ball, location: 2F 1-2: Foul Ball, location: 2F 1-2: Ball 2-2: Foul Ball, location: 2F 2-2: Foul Ball, location: 2F 2-2: Ball 3-2: Foul Ball, location: 2F 3-2: Base on Balls | Batting: LHB Víctor Peña | 0-0: Called Strike 0-1: Ball 1-1: Ball 2-1: Swinging Strike 2-2: Ball 3-2: Base on Balls Travis Martin to second | Batting: RHB Edmund Swanson | 0-0: Swinging Strike 0-1: Called Strike 0-2: 3-RUN HOME RUN (Line Drive, 9LD), Distance : 353 ft | Batting: LHB Dennis McConnell | 0-0: Ball 1-0: Ball 2-0: Ball 3-0: Base on Balls | Batting: RHB Carlos Palomón | 0-0: Ball 1-0: Called Strike 1-1: Ball Dennis McConnell steals 2nd base 2-1: Ground out 6-3 (Groundball, 6) | Batting: LHB Mauro López | 0-0: Foul Ball, location: 2F 0-1: Ball 1-1: Swinging Strike 1-2: Ball 2-2: Strikes out swinging | Top of the 3rd over - 3 runs, 1 hit, 0 errors, 1 left on base; Plumstead 3 - Evanston 0 | BOTTOM OF THE 3RD |
---|
Evanston Elitists batting - Pitching for Plumstead Eagles : LHP John Oliver | Batting: LHB Jean-Sébastien Beaudin | 0-0: Ball 1-0: Swinging Strike 1-1: Ball 2-1: Swinging Strike 2-2: Ball 3-2: Strikes out swinging | Batting: LHB George Flanagan | 0-0: Ball 1-0: Called Strike 1-1: Foul Ball, location: 2F 1-2: Foul Ball, location: 2F 1-2: Foul Ball, location: 2F 1-2: Strikes out looking | Batting: SHB Esteban Aliaga | 0-0: Ball 1-0: Foul Ball, location: 2F 1-1: Foul Ball, location: 2F 1-2: Strikes out looking | Bottom of the 3rd over - 0 runs, 0 hits, 0 errors, 0 left on base; Plumstead 3 - Evanston 0 | TOP OF THE 4TH |
---|
Plumstead Eagles batting - Pitching for Evanston Elitists : RHP Luis Castillo | Batting: SHB Joaquín Gilera | 0-0: SOLO HOME RUN (Flyball, 9LD), Distance : 361 ft | Batting: RHB Wayne Workman | 0-0: Called Strike 0-1: Ball 1-1: Ball 2-1: Foul Ball, location: 2F 2-2: Strikes out swinging | Batting: LHB Ramón Morán | 0-0: Ball 1-0: Ground out 4-3 (Groundball, 34) | Batting: SHB Travis Martin | 0-0: Called Strike 0-1: Foul Ball, location: 2F 0-2: Strikes out swinging | Top of the 4th over - 1 run, 1 hit, 0 errors, 0 left on base; Plumstead 4 - Evanston 0 | BOTTOM OF THE 4TH |
---|
Evanston Elitists batting - Pitching for Plumstead Eagles : LHP John Oliver | Batting: LHB Arthur Guzmán | 0-0: Swinging Strike 0-1: Ball 1-1: Ball 2-1: Ball 3-1: Base on Balls | Batting: RHB Troy Johnson | 0-0: Called Strike 0-1: Swinging Strike 0-2: Ball 1-2: Ball 2-2: Foul Ball, location: 2F 2-2: Strikes out swinging | Batting: RHB Jorge Calderón | 0-0: Foul Ball, location: 2F 0-1: Foul Ball, location: 2F 0-2: Ball 1-2: Strikes out swinging | Batting: RHB Jerry Browning | 0-0: Called Strike 0-1: Swinging Strike 0-2: Ball 1-2: Foul Ball, location: 2F 1-2: Foul Ball, location: 2F 1-2: Foul Ball, location: 2F 1-2: Fly out, F1 (Line Drive, 13) | Bottom of the 4th over - 0 runs, 0 hits, 0 errors, 1 left on base; Plumstead 4 - Evanston 0 | TOP OF THE 5TH |
---|
Plumstead Eagles batting - Pitching for Evanston Elitists : RHP Luis Castillo | Batting: LHB Víctor Peña | 0-0: Swinging Strike 0-1: Foul Ball, location: 2F 0-2: SINGLE (Line Drive, 9S) | Batting: RHB Edmund Swanson | 0-0: Called Strike 0-1: Called Strike 0-2: Ball 1-2: SINGLE (Groundball, 3D) Víctor Peña to second Runner from 2nd tries for 3rd, SAFE, throw made to third | Batting: LHB Dennis McConnell | 0-0: Ball 1-0: Ball 2-0: SINGLE (Groundball, 6) (infield hit) Víctor Peña scores Edmund Swanson to second | Batting: RHB Carlos Palomón | 0-0: Ball 1-0: Ball 2-0: Called Strike 2-1: Swinging Strike 2-2: Ball 3-2: SINGLE (Groundball, 4MD) Edmund Swanson to third Dennis McConnell to second Runner from 3rd tries for Home, SAFE, no throw | Pitching: LHP Juan Martínez | | Batting: LHB Mauro López | 0-0: Ball 1-0: Ball 2-0: Fielders Choice at 2nd, 6-4 (Groundball, 6) Dennis McConnell to third | Batting: SHB Joaquín Gilera | 0-0: Fly out, F6 (Line Drive, 6) | Batting: RHB Wayne Workman | 0-0: Called Strike 0-1: Ball 1-1: Ground out 3-1 (Groundball, 34S) | Top of the 5th over - 2 runs, 4 hits, 0 errors, 2 left on base; Plumstead 6 - Evanston 0 | BOTTOM OF THE 5TH |
---|
Evanston Elitists batting - Pitching for Plumstead Eagles : LHP John Oliver | Batting: SHB Jacob Wilcox | 0-0: Foul Ball, location: 2F 0-1: Ground out 6-3 (Groundball, 6) | Batting: RHB Michael Scott | 0-0: Called Strike 0-1: Called Strike 0-2: Ground out U3 (Groundball, 34) | Batting: LHB Jean-Sébastien Beaudin | 0-0: Called Strike 0-1: Foul Ball, location: 2F 0-2: Strikes out swinging | Bottom of the 5th over - 0 runs, 0 hits, 0 errors, 0 left on base; Plumstead 6 - Evanston 0 | TOP OF THE 6TH |
---|
Plumstead Eagles batting - Pitching for Evanston Elitists : LHP Juan Martínez | Batting: LHB Ramón Morán | 0-0: Foul Ball, location: 2F 0-1: Ball 1-1: Foul Ball, location: 2F 1-2: Foul Ball, location: 2F 1-2: Ball 2-2: Ball 3-2: Base on Balls | Batting: SHB Travis Martin | 0-0: Ball 1-0: Ball 2-0: Called Strike 2-1: Called Strike 2-2: Fielders Choice at 2nd, 5-4 (Groundball, 56) | Batting: LHB Víctor Peña | 0-0: Called Strike 0-1: Ball 1-1: Swinging Strike 1-2: Hit by Pitch Travis Martin to second | Batting: RHB Edmund Swanson | 0-0: Ball 1-0: Ball Travis Martin steals 3rd base Víctor Peña to second 2-0: Foul Ball, location: 2F 2-1: Called Strike 2-2: Ball 3-2: Foul Ball, location: 2F 3-2: Base on Balls | Batting: LHB Dennis McConnell | 0-0: Ball 1-0: Ball 2-0: Ball 3-0: Called Strike 3-1: Swinging Strike 3-2: Foul Ball, location: 2F 3-2: Foul Ball, location: 2F 3-2: Strikes out swinging | Batting: RHB Carlos Palomón | 0-0: Called Strike 0-1: Ground out 3-1 (Groundball, 34) | Top of the 6th over - 0 runs, 0 hits, 0 errors, 3 left on base; Plumstead 6 - Evanston 0 | BOTTOM OF THE 6TH |
---|
Evanston Elitists batting - Pitching for Plumstead Eagles : LHP John Oliver | Batting: LHB George Flanagan | 0-0: Ball 1-0: Fly out, F6 (Line Drive, 6) | Batting: SHB Esteban Aliaga | 0-0: Ball 1-0: Foul Ball, location: 2F 1-1: Ball 2-1: Swinging Strike 2-2: Ball 3-2: Strikes out swinging, 2-3 out at first. | Batting: LHB Arthur Guzmán | 0-0: Called Strike 0-1: Called Strike 0-2: Strikes out swinging | Bottom of the 6th over - 0 runs, 0 hits, 0 errors, 0 left on base; Plumstead 6 - Evanston 0 | TOP OF THE 7TH |
---|
Plumstead Eagles batting - Pitching for Evanston Elitists : LHP Juan Martínez | Batting: LHB Mauro López | 0-0: Ball 1-0: Ball 2-0: Fly out, F5 (Popup, 5SF) | Batting: SHB Joaquín Gilera | 0-0: Called Strike 0-1: Ball 1-1: Fly out, F8 (Flyball, 8RM) | Batting: RHB Wayne Workman | 0-0: Ball 1-0: Called Strike 1-1: Foul Ball, location: 2F 1-2: Ball 2-2: SINGLE (Line Drive, 8LS) | Batting: LHB Ramón Morán | 0-0: Ball Wild Pitch! Wayne Workman to second 1-0: Called Strike 1-1: Ball 2-1: Ground out 4-3 (Groundball, 4MD) | Top of the 7th over - 0 runs, 1 hit, 0 errors, 1 left on base; Plumstead 6 - Evanston 0 | BOTTOM OF THE 7TH |
---|
Evanston Elitists batting - Pitching for Plumstead Eagles : LHP John Oliver | Batting: RHB Troy Johnson | 0-0: Foul Ball, location: 2F 0-1: SINGLE (Groundball, 6MD) | Batting: RHB Jorge Calderón | 0-0: Called Strike 0-1: Ball 1-1: Foul Ball, location: 2F 1-2: Ball 2-2: Strikes out swinging | Batting: RHB Jerry Browning | 0-0: Ball 1-0: Ball 2-0: Called Strike 2-1: Ball 3-1: Fly out, F9 (Flyball, 9) | Batting: SHB Jacob Wilcox | 0-0: Called Strike 0-1: Called Strike 0-2: Strikes out swinging | Bottom of the 7th over - 0 runs, 1 hit, 0 errors, 1 left on base; Plumstead 6 - Evanston 0 | TOP OF THE 8TH |
---|
Plumstead Eagles batting - Pitching for Evanston Elitists : LHP Juan Martínez | Batting: SHB Travis Martin | 0-0: Ball 1-0: Foul Ball, location: 2F 1-1: Called Strike 1-2: Ground out 6-3 (Groundball, 6) | Batting: LHB Víctor Peña | 0-0: Ball 1-0: Called Strike 1-1: Swinging Strike 1-2: Ball 2-2: Foul Ball, location: 2F 2-2: Ball 3-2: SINGLE (Line Drive, 4MD) | Batting: RHB Edmund Swanson | 0-0: Ball 1-0: Called Strike 1-1: Ball 2-1: Grounds into double play, 6-4-3 (Groundball, 6) | Top of the 8th over - 0 runs, 1 hit, 0 errors, 0 left on base; Plumstead 6 - Evanston 0 | BOTTOM OF THE 8TH |
---|
Evanston Elitists batting - Pitching for Plumstead Eagles : LHP John Oliver | Batting: RHB Michael Scott | 0-0: Ball 1-0: Foul Ball, location: 2F 1-1: Swinging Strike 1-2: Ball 2-2: Strikes out swinging | Batting: LHB Jean-Sébastien Beaudin | 0-0: Ball 1-0: Swinging Strike 1-1: Swinging Strike 1-2: Strikes out swinging | Batting: LHB George Flanagan | 0-0: Called Strike 0-1: Foul Ball, location: 2F 0-2: Ground out U3 (Groundball, 3L) | Bottom of the 8th over - 0 runs, 0 hits, 0 errors, 0 left on base; Plumstead 6 - Evanston 0 | TOP OF THE 9TH |
---|
Plumstead Eagles batting - Pitching for Evanston Elitists : LHP Juan Martínez | Batting: LHB Dennis McConnell | 0-0: Ball 1-0: Foul Ball, location: 2F 1-1: Foul Ball, location: 2F 1-2: SINGLE (Groundball, 4M) (infield hit) | Batting: RHB Carlos Palomón | 0-0: Ball Dennis McConnell is caught stealing 2nd base 1-0: Fly out, F4 (Popup, 23) | Batting: LHB Mauro López | 0-0: Ball 1-0: Called Strike 1-1: Ground out 4-3 (Groundball, 4) | Top of the 9th over - 0 runs, 1 hit, 0 errors, 0 left on base; Plumstead 6 - Evanston 0 | BOTTOM OF THE 9TH |
---|
Evanston Elitists batting - Pitching for Plumstead Eagles : LHP John Oliver | Batting: SHB Esteban Aliaga | 0-0: Ball 1-0: Called Strike 1-1: Ground out 6-3 (Groundball, 6) | Batting: LHB Arthur Guzmán | 0-0: Foul Ball, location: 2F 0-1: Foul Ball, location: 2F 0-2: Foul Ball, location: 2F 0-2: Ball 1-2: Ball 2-2: Fly out, F7 (Flyball, 78M) | Batting: RHB Troy Johnson | 0-0: Ball 1-0: Ball 2-0: Ball 3-0: Called Strike 3-1: Base on Balls | Batting: RHB Jorge Calderón | 0-0: Foul Ball, location: 2F 0-1: Foul Ball, location: 2F 0-2: Ball 1-2: Ground out 4-3 (Groundball, 4) | Bottom of the 9th over - 0 runs, 0 hits, 0 errors, 1 left on base; Plumstead 6 - Evanston 0 | |